 Dungeon Crawl Stone Soup version 0.27-a0-1501-g9d6fb14e67 (webtiles) character file.

Game seed: 3813450934225838360

119 Lekart the Skirmisher (level 4, 0/40 HPs)
             Began as a Draconian Chaos Knight on July 8, 2021.
             Was a Plaything of Xom.
             Slain by a phantom (8 damage)
             ... on level 4 of the Dungeon.
             The game lasted 00:03:18 (2772 turns).

Lekart the Skirmisher (Draconian Chaos Knight)      Turns: 2772, Time: 00:03:18

Health: 0/40       AC:  7    Str: 14    XL:     4   Next: 73%
Magic:  6/6        EV: 12    Int: 13    God:    Xom [..*...]
Gold:   113        SH:  0    Dex: 11    Spells: 6/6 levels left

rFire    . . .     SeeInvis .   a - +1 falchion (chaos)
rCold    . . .     Faith    .   (no shield)
rNeg     . . .     Spirit   .   (armour unavailable)
rPois    .         Reflect  .   (helmet restricted)
rElec    .         Harm     +   k - scarf {harm}
rCorr    .         Rampage  .   l - +1 pair of gloves of Akadutz {Stlth+}
Will     .....                  (no boots)
Stlth    ++........             (no amulet)
HPRegen  0.13/turn              (no ring)
MPRegen  0.10/turn              (no ring)

@: no status effects
A: AC +5, unfitting armour, cold-blooded
a: Renounce Religion


You were on level 4 of the Dungeon.
You worshipped Xom.
You were a toy of Xom.
You visited 1 branch of the dungeon, and saw 4 of its levels.

You collected 113 gold pieces.

Inventory:

Hand Weapons
 a - a +1 falchion of chaos (weapon)
Missiles
 g - a javelin (quivered)
Armour
 k - a scarf of harm (worn)
 l - the +1 pair of gloves of Akadutz (worn) {Stlth+}
   (You found it on level 4 of the Dungeon)

   Stlth:     It makes you more stealthy.
Scrolls
 e - a scroll of identify {unknown}
Potions
 b - a potion of haste
 c - a potion of brilliance {unknown}
 d - a potion of curing {unknown}
 f - a potion of heal wounds {unknown}
 h - a potion of flight {unknown}
 i - a potion of berserk rage {unknown}
 j - a potion of magic {unknown}


   Skills:
 + Level 4.0 Fighting
 + Level 3.9 Long Blades
 + Level 1.0 Throwing
 + Level 2.8 Dodging
 * Level 1.5 Spellcasting


You had 6 spell levels left.
You didn't know any spells.
Your spell library contained the following spells:

 Spells                   Type           Power      Damage    Failure   Level
 Animate Skeleton         Necr           2%         N/A       26%         1
 Apportation              Tloc           2%         N/A       26%         1
 Corona                   Hex            1%         N/A       26%         1
 Foxfire                  Conj/Fire      4%         2x1d4     26%         1
 Summon Small Mammal      Summ           4%         N/A       26%         1
 Conjure Flame            Conj/Fire      1%         6-21      63%         3
 Inner Flame              Hex/Fire       1%         N/A       63%         3


Dungeon Overview and Level Annotations

Branches:
Dungeon (4/15)             Temple (0/1) D:4

Altars:


Innate Abilities, Weirdness & Mutations

Your plain brown scales are hard. (AC +5)
You cannot fit into any form of body armour.
You are cold-blooded and may be slowed by cold attacks.


Message History

You closely miss the phantom.
The phantom is moderately damaged.
The phantom hits you but does no damage.
You hit the phantom.
The phantom is moderately damaged.
The phantom hits you.
You closely miss the phantom.
The phantom is moderately damaged.
The phantom hits you.
The phantom blinks!
You blink.
The phantom hits you!
The phantom blinks!
You blink.
You are too injured to fight recklessly!
You are too injured to fight recklessly!
You closely miss the phantom.
The phantom is moderately damaged.
The phantom hits you but does no damage.
You hit the phantom.
The phantom is heavily damaged.
The endoplasm freezes you.
You are frozen.
The phantom hits you!
* * * LOW HITPOINT WARNING * * *
The phantom blinks!
You blink.
Throw: 3 javelins
Press: ? - help, Q - select action Shift-Dir - straight line, f/p - phantom
Aim: a phantom (heavily damaged, 46% to hit)
You throw a javelin.
The javelin pierces through the phantom.
The phantom is severely damaged.
The javelin pierces through the endoplasm!
You kill the endoplasm!
The phantom completely misses you.
Okay, then.
Throw: 2 javelins
Press: ? - help, Q - select action Shift-Dir - straight line, f/p - phantom
Aim: a phantom (severely damaged, 46% to hit)
You throw a javelin.
The javelin pierces through the phantom.
The phantom is severely damaged.
The phantom hits you!
You die...
Xom is highly amused!

#.##......######..
#.##......# .
#.####.##.#### .. #.#
#.# #.##.#.. ... #.#
#.# #.##.#.####....
#.#
#.####.##...........
#.#
#.##...>#...ยง..((...
#.# #.##.#####......#
#.# #......@W'?...(.+
#.# ####.#####......#
#.# #.# ........# ..#
#.# ########.# ###
#.# ... #.# ## #.#
#.#


You could see a phantom.

Vanquished Creatures
  A hound (D:4)
  4 adders
  3 worms
  A dart slug (D:1)
  4 endoplasms
  4 goblins (D:2)
  5 hobgoblins
  2 jackals (D:3)
  7 kobolds
  A quokka (D:4)
  3 ball pythons
  5 bats
  2 frilled lizards
  5 rats
47 creatures vanquished.

Notes
Turn   | Place    | Note
-------+----------+-------------------------------------------
     0 | D:1      | Lekart the Draconian Chaos Knight began the quest for the
                  | Orb.
     0 | D:1      | Reached XP level 1. HP: 19/19 MP: 1/1
   157 | D:1      | Reached XP level 2. HP: 26/26 MP: 2/2
   867 | D:2      | XOM: smoke on damage
  1084 | D:2      | Reached skill level 1 in Spellcasting
  1200 | D:2      | Reached XP level 3. HP: 33/33 MP: 4/4
  1231 | D:2      | XOM: divination: detect creatures
  1398 | D:2      | XOM: god gift: chain mail {god gift}
  1749 | D:2      | Reached XP level 4. HP: 40/40 MP: 5/5
  1752 | D:2      | XOM: god gift: scroll labelled UDAUVV ZISE {god gift}
  2133 | D:3      | Found a faded altar of an unknown god.
  2266 | D:3      | XOM: 1-stop teleportation journey
  2473 | D:3      | XOM: noise
  2595 | D:4      | XOM: enchant monster (good)
  2598 | D:4      | Reached skill level 4 in Fighting
  2598 | D:4      | Reached skill level 1 in Throwing
  2655 | D:4      | Found a staircase to the Ecumenical Temple.
  2692 | D:4      | Identified the +1 pair of gloves of Akadutz {Stlth+}
  2759 | D:4      | Noticed a phantom
  2772 | D:4      | Slain by a phantom

Illustrated notes

Levels and vault maps discovered:
D:1:      dpeg_arrival_three_same_balls, layout_basic, serial_curves,
          eino_curves_02, eino_curves_03
D:2:      layout_loops_ring
D:3:      layout_loops_ring, ebering_ecumenical_altar_rust
D:4:      layout_basic, minmay_temple_entry_mist, uniq_eustachio, uniq_grinder,
          uniq_sigmund

Skill      XL: |  1  2  3  4 |
---------------+-------------+-----
Spellcasting   | 1 |  1.5
Fighting       | 4 |  4.0
Throwing       | 1 |  1.0
Long Blades    | |  3.9
Dodging        | |  2.8

Action                   |  1- 3 |  4- 6 || total
-------------------------+-------+-------++-------
Melee: Falchion          |    89 |    15 ||   104
       Tailslap          |     8 |     2 ||    10
Throw: Javelin           |    17 |    15 ||    32
  Use: Scroll            |     1 |     3 ||     4
 Stab: Petrifying        |       |     2 ||     2
Armor: Skin              |    30 |     6 ||    36
Dodge: Dodged            |    74 |     8 ||    82
       Rpst.: Falchion   |    23 |     2 ||    25

Table legend: (Time is in decaauts)
 A = Elapsed time spent in this place.
 B = Non-inter-level travel time spent in this place.
 C = Inter-level travel time spent in this place.
 D = Time resting spent in this place.
 E = Time spent auto-exploring this place.
 F = Levels seen in this place.
 G = Mean time per level.
                   A        B        C        D        E       F      G
               +--------+--------+--------+--------+--------+-----+--------+
         Total |   2799 |   2707 |     92 |     29 |   2295 |   4 |  699.8 |
       Dungeon |   2799 |   2707 |     92 |     29 |   2295 |   4 |  699.8 |
               +--------+--------+--------+--------+--------+-----+--------+

Top non-repeatable levels by time:
     D:2: 1106 daAuts
     D:1: 829 daAuts
     D:3: 618 daAuts
     D:4: 245 daAuts
